 Dungeon Crawl Stone Soup version 0.22-a0-525-gf69a080 (webtiles) character file.

71779 Ecrof the Severer (level 14, -3/109 HPs)
             Began as a Deep Dwarf Fighter on June 22, 2018.
             Was the Champion of Makhleb.
             Slain by an orange demon (8 damage)
             ... summoned by the player character
             ... on level 2 of the Elven Halls.
             The game lasted 01:29:07 (13770 turns).

Ecrof the Severer (Deep Dwarf Fighter)             Turns: 13770, Time: 01:29:07

Health: -3/109     AC: 17    Str: 26    XL:     14   Next: 99%
Magic:  19/19      EV:  5    Int: 10    God:    Makhleb [******]
Gold:   513        SH:  0    Dex: 12    Spells: 13/13 levels left

rFire    + . .     SeeInvis .   a - +3 war axe (venom)
rCold    . . .     Gourm    .   K - +18 shield of the Gong {rElec rN+ MR+ EV-5}
rNeg     + + .     Faith    .   n - +1 chain mail {rF+}
rPois    .         Spirit   .   (no helmet)
rElec    +         Reflect  +   (no cloak)
rCorr    .         Harm     .   q - +0 pair of gloves
MR       +++..                  v - +0 pair of boots
Stlth    ..........             L - +5 amulet of reflection
HPRegen  0.00/turn              B - +2 ring of strength
MPRegen  0.16/turn              m - +2 ring of slaying

@: confused, lethally poisoned (-3 -> -3), non-regenerating
A: damage resistance, heal wounds, negative energy resistance 1, sense
surroundings 2, no regeneration
a: Heal Wounds, Minor Destruction, Lesser Servant of Makhleb, Major Destruction,
Greater Servant of Makhleb, Renounce Religion


You were on level 2 of the Elven Halls.
You worshipped Makhleb.
Makhleb was exalted by your worship.
You were not hungry.

You visited 4 branches of the dungeon, and saw 17 of its levels.
You also visited: Sewer and Bailey.

You collected 1619 gold pieces.
You spent 1106 gold pieces at shops.

Inventory:

Hand Weapons
 a - a +3 war axe of venom (weapon)
 i - a +2 great sword of holy wrath
 p - a +1 long sword of flaming
Armour
 n - a +1 chain mail of fire resistance (worn)
 q - a +0 pair of gloves (worn)
 v - a +0 pair of boots (worn)
 K - the +18 shield of the Gong (worn) {rElec rN+ MR+ EV-5}
   (You found it on level 12 of the Dungeon)

   It affects your evasion (-5).
   It insulates you from electricity.
   It protects you from negative energy.
   It affects your resistance to hostile enchantments.
Jewellery
 m - a +2 ring of slaying (right hand)
 r - an uncursed ring of see invisible
 y - an uncursed ring of fire
 B - a +2 ring of strength (left hand)
 I - an uncursed ring of poison resistance
 J - an uncursed ring of protection from cold
 L - a +5 amulet of reflection (around neck)
Wands
 b - a wand of flame (10)
 x - a wand of random effects (19)
 A - a wand of iceblast (28)
 O - a wand of polymorph (7)
Scrolls
 j - 4 scrolls of teleportation
 s - a scroll of fear
 C - 4 scrolls of blinking
 D - a scroll of amnesia
 G - 6 scrolls of remove curse
 M - a scroll of fog
 N - a scroll of identify
Potions
 d - 3 potions of might
 e - 2 potions of berserk rage
 g - 7 potions of curing {unknown}
 h - 2 potions of magic {unknown}
 k - 4 potions of agility {unknown}
 l - 3 potions of cancellation {unknown}
 o - a potion of ambrosia
 t - 4 potions of degeneration {unknown}
 u - 2 potions of flight {unknown}
 w - a potion of mutation {unknown}
 z - a potion of resistance
 E - 2 potions of heal wounds
 F - a potion of lignification
 H - 2 potions of haste
Comestibles
 f - 21 rations


   Skills:
 - Level 2.6 Fighting
 - Level 16.0 Axes
 - Level 13.7 Armour
 - Level 4.3 Dodging
 - Level 3.4 Stealth
 + Level 13.3 Shields
 + Level 14.7 Invocations
 - Level 7.4 Evocations


You had 13 spell levels left.
You didn't know any spells.
Your spell library contained the following spells:

 Spells                   Type           Power        Failure   Level  Hunger
 Summon Small Mammal      Summ           #...         88%         1    ##.....
 Summon Ice Beast         Ice/Summ       #.......     100%        4    #####..
 Call Imp                 Summ           #.......     96%         2    ###....
 Recall                   Summ/Tloc      N/A          99%         3    ####...
 Confusing Touch          Hex            #.....       88%         1    ##.....
 Call Canine Familiar     Summ           #.......     99%         3    ####...
 Summon Lightning Spire   Summ/Air       #.......     100%        4    #####..
 Summon Guardian Golem    Hex/Summ       #.......     99%         3    ####...
 Spellforged Servitor     Conj/Summ      #.........   100%        7    #######
 Summon Mana Viper        Hex/Summ       #.......     100%        5    ######.


Dungeon Overview and Level Annotations

Branches:
Dungeon (12/15)            Temple (1/1) D:5            Lair (0/6) D:10
    Orc (2/2) D:12            Elf (2/3) Orc:2

Altars:
Ashenzari
Cheibriados
Dithmenos
Elyvilon
Fedhas
Gozag
Hepliaklqana
Kikubaaqudgha
Makhleb
Nemelex Xobeh
Okawaru
Qazlal
Ru
Sif Muna
Trog
Uskayaw
Vehumet
Wu Jian
Xom
Yredelemnul
Zin
The Shining One
Beogh

Shops:
D:5 :   D:8 %[??   D:9 *   D:10 %*   D:12 }   Orc:2 =[(*(%

Portals:
Bazaar: Orc:2


Innate Abilities, Weirdness & Mutations

You are resistant to damage.
You can heal yourself by infusing magical energy.
You resist negative energy. (rN+)
You passively map the area around you.
You do not regenerate.


Message History

Your orange demon is poisoned.
The orange demon is heavily wounded.
You completely miss something.
You miss the eveningstar of electrocution.
The lajatang of venom hits your neqoxec!!
Your neqoxec looks as sick as possible!
The mace of protection is engulfed in blazing flames.
The eveningstar of electrocution hits you!
* * * LOW HITPOINT WARNING * * *
Something hits you but does no damage.
Unknown command.
You closely miss something. You slash the orange demon!
The orange demon looks as sick as possible!
You barely miss the eveningstar of electrocution.
The lajatang of venom hits your neqoxec!!
Your neqoxec dies!
Your shadow imp disappears in a puff of smoke!
Your iron imp disappears in a puff of smoke!
The orange demon stings you!
You die...

,, * ...., ,, ...., ** ......,,
.....§ , ,, ...... ,....§. **,
, , * ...... , eE§§.., *, , ,,
, ,.....e {(e... , , , ,,,
#...((###((e..# , ,** *
#e((#E((# * * , * *#(.(# * *
######@4'###### ### ##
#...#...§§#...# ###.## #####
#.#.#.....#.#.####.....
##.#.###...#.....#...##.......
##..#..##.#.###'###.#.##.......
#...'...#...#...).#...##.......
##..#..##.#.'.....'.#.##.......
##.#.###...#.....#...##.......
####'####
#.#.#.....#.#.####..(..


You could see an orange demon, 3 deep elf magi, 2 fire elementals and 11 dancing
weapons.

Vanquished Creatures
  An orc warlord (Orc:2)
  A deep elf sorcerer (Elf:1)
  The ghost of Reqeyteac the Blocker, a journeyman DDEE of Makhleb (Orc:1)
  A deep elf annihilator (Elf:1)
  An ogre mage (D:12)
  A centaur warrior (D:12)
  10 dancing weapons
  6 two-headed ogres
  3 orc high priests
  13 deep elf knights
  A fire crab (shapeshifter) (D:12)
  9 deep elf archers
  4 orc knights
  A wizard (Elf:1)
  An ugly thing (D:11)
  39 deep elf magi
  A manticore (D:12)
  5 orc sorcerers
  A cyclops (D:8)
  A centaur zombie (D:10)
  A molten gargoyle (Orc:2)
  5 trolls
  2 hornets
  Sigmund (D:2)
  7 hippogriffs
  3 air elementals (Elf:2)
  22 yaks
  A basilisk (D:10)
  Eustachio (D:6)
  2 fire elementals (Elf:1)
  2 hungry ghosts
  A steam dragon (D:12)
  4 wargs
  2 water moccasins
  An acid dragon (D:12)
  Duvessa (D:5)
  A soldier ant (D:10)
  3 porcupines (D:10)
  26 orc warriors
  2 eyes of draining (D:4)
  A phantom (D:5)
  3 black bears
  3 ice beasts
  A necrophage (D:8)
  3 sky beasts
  19 centaurs
  2 boggarts (Elf:1)
  9 ogres
  7 crocodiles
  Blork the orc (D:4)
  A big kobold (D:12)
  11 bullfrogs
  5 scorpions
  Dowan (D:5)
  8 killer bees
  A spectral ogre (Orc:1)
  A water moccasin skeleton (D:12)
  23 wights
  A howler monkey (D:4)
  2 crimson imps (D:11)
  A quasit (D:10)
  Crazy Yiuf (D:4)
  5 hounds
  A jelly (D:6)
  20 orc priests
  2 bullfrog skeletons
  25 orc wizards
  3 centaur skeletons
  8 iguanas
  A warg simulacrum (Orc:1)
  Ijyb (D:4)
  11 worker ants
  A hound skeleton (D:7)
  2 howler monkey zombies
  Robin (D:2)
  5 gnolls
  10 adders
  A howler monkey skeleton (D:4)
  A shadow imp (D:12)
  An ooze (D:2)
  4 orc simulacra (Orc:1)
  An adder zombie (D:7)
  A worm (D:2)
  2 dart slugs (D:2)
  6 leopard geckos
  68 orcs
  A ball python (D:4)
  9 bats
  10 giant cockroaches
  15 goblins
  12 hobgoblins
  7 jackals
  11 quokkas
  7 frilled lizards
  6 kobolds
  A leopard gecko zombie (D:5)
  10 rats
  3 fungi (D:4)
  2 plants (D:10)
569 creatures vanquished.

Vanquished Creatures (collateral kills)
  A deep elf mage (Elf:2)
  A jelly (D:12)
2 creatures vanquished.

Vanquished Creatures (others)
  3 deep elf knights
  A deep elf mage (Elf:2)
  2 spectral orcs (Orc:1)
  A goblin (D:3)
  A fungus (D:10)
  11 plants (D:10)
19 creatures vanquished.

Grand Total: 590 creatures vanquished

Notes
Turn   | Place    | Note
-------+----------+-------------------------------------------
     0 | D:1      | Ecrof the Deep Dwarf Fighter began the quest for the Orb.
     0 | D:1      | Reached XP level 1. HP: 20/20 MP: 1/1
   145 | D:1      | Reached skill level 3 in Axes
   154 | D:1      | Reached XP level 2. HP: 27/27 MP: 2/2
  1038 | D:2      | Reached XP level 3. HP: 30/33 MP: 3/3
  1079 | D:2      | Noticed Sigmund
  1115 | D:2      | Killed Sigmund
  1115 | D:2      | Reached skill level 6 in Axes
  1115 | D:2      | Reached skill level 1 in Dodging
  1115 | D:2      | Reached XP level 4. HP: 21/40 MP: 3/3
  1115 | D:2      | Reached XP level 5. HP: 24/46 MP: 4/4
  1168 | D:2      | Found a hide-covered altar of Uskayaw.
  1531 | D:2      | Noticed Robin
  1540 | D:2      | Killed Robin
  1548 | D:2      | Reached XP level 6. HP: 25/55 MP: 5/5
  2093 | D:3      | Reached skill level 7 in Axes
  2318 | D:3      | Reached skill level 1 in Stealth
  2735 | D:4      | Reached skill level 8 in Axes
  2735 | D:4      | Reached XP level 7. HP: 37/61 MP: 6/6
  2867 | D:4      | Noticed Ijyb
  2879 | D:4      | Killed Ijyb
  2948 | D:4      | Found a glowing drain.
  2966 | Sewer    | Entered a sewer
  3126 | D:4      | Reached skill level 9 in Axes
  3296 | D:4      | Noticed Blork the orc
  3309 | D:4      | Killed Blork the orc
  3389 | D:4      | Got a brightly glowing rapier {speed}
  3459 | D:4      | Found a bloodstained altar of Trog.
  3483 | D:4      | Reached XP level 8. HP: 29/68 MP: 3/7
  3926 | D:4      | Found a runed door.
  3932 | D:4      | Noticed Crazy Yiuf
  3938 | D:4      | Killed Crazy Yiuf
  3938 | D:4      | Reached skill level 10 in Axes
  4019 | D:5      | Entered Level 5 of the Dungeon
  4019 | D:5      | Noticed Duvessa
  4019 | D:5      | Noticed Dowan
  4052 | D:5      | Killed Dowan
  4062 | D:5      | Killed Duvessa
  4123 | D:5      | Found a sacrificial altar of Ru.
  4300 | D:5      | Reached skill level 11 in Axes
  4328 | D:5      | Found Giniutiz's Book Shop.
  4596 | D:5      | Found a staircase to the Ecumenical Temple.
  4873 | Temple   | Entered the Ecumenical Temple
  5349 | D:6      | Reached skill level 12 in Axes
  5349 | D:6      | Gained mutation: You passively map the area around you. [Deep Dwarf growth]
  5349 | D:6      | Reached XP level 9. HP: 41/74 MP: 7/7
  5413 | D:6      | Found a shattered altar of Ashenzari.
  5413 | D:6      | Found a shadowy altar of Dithmenos.
  5468 | D:6      | Found a deep blue altar of Sif Muna.
  5484 | D:6      | Noticed Eustachio
  5499 | D:6      | Killed Eustachio
  5574 | D:6      | Got an encrusted halberd
  5675 | D:6      | Found an iron altar of Okawaru.
  5800 | D:7      | Reached skill level 13 in Axes
  6076 | D:7      | Found a burning altar of Makhleb.
  6081 | D:7      | Became a worshipper of Makhleb the Destroyer
  6181 | D:7      | Reached skill level 14 in Axes
  6315 | D:7      | Found an ancient bone altar of Kikubaaqudgha.
  6315 | D:7      | Found a shimmering altar of Xom.
  6316 | D:7      | Found a blossoming altar of Fedhas.
  6395 | D:8      | Found Hymeuwi's Magic Scroll Boutique.
  6403 | D:8      | Bought a scroll of identify for 26 gold pieces
  6403 | D:8      | Bought a scroll of identify for 26 gold pieces
  6403 | D:8      | Bought a scroll of brand weapon for 260 gold pieces
  6403 | D:8      | Bought a scroll of remove curse for 39 gold pieces
  6403 | D:8      | Bought a scroll of remove curse for 39 gold pieces
  6406 | D:8      | Identified the +4 rapier "Xaics" {speed, rN+ Dex+4} (You took it off an orc on level 4 of the Dungeon)
  6412 | D:8      | Identified the +5 halberd of Hatred {chop, MR+ Str-4 Int+3} (You found it on level 6 of the Dungeon)
  6475 | D:8      | Reached XP level 10. HP: 41/81 MP: 7/7
  6534 | D:8      | Found Haisu's Magic Scroll Boutique.
  6542 | D:8      | Bought a scroll of identify for 22 gold pieces
  6580 | D:8      | Found Ostropnu's Antique Armour Emporium.
  6744 | D:8      | Noticed a cyclops
  6753 | D:8      | Killed a cyclops
  6753 | D:8      | Reached skill level 1 in Evocations
  6848 | D:8      | Found Unas's Food Shop.
  6924 | D:8      | Found a glowing silver altar of Zin.
  6925 | D:8      | Found a white marble altar of Elyvilon.
  6926 | D:8      | Found a glowing golden altar of the Shining One.
  7079 | D:9      | Reached skill level 15 in Axes
  7120 | D:9      | Found Gawn's Assorted Antiques.
  7210 | D:9      | Noticed a two-headed ogre
  7216 | D:9      | Killed a two-headed ogre
  7216 | D:9      | Reached * piety under Makhleb
  7216 | D:9      | Reached skill level 5 in Armour
  7306 | D:9      | Noticed a two-headed ogre
  7314 | D:9      | Killed a two-headed ogre
  7394 | D:9      | Reached XP level 11. HP: 55/88 MP: 10/10
  7422 | D:9      | Found a flagged portal.
  7432 | Bailey   | Entered a bailey
  7717 | D:9      | Reached skill level 16 in Axes
  7853 | D:10     | Entered Level 10 of the Dungeon
  7866 | D:10     | Noticed a two-headed ogre
  7870 | D:10     | Killed a two-headed ogre
  7870 | D:10     | Reached skill level 5 in Evocations
  7912 | D:10     | Reached ** piety under Makhleb
  8045 | D:10     | Found Buih's Assorted Antiques.
  8108 | D:10     | Bought a scroll of identify for 50 gold pieces
  8140 | D:10     | Found a staircase to the Lair.
  8410 | D:10     | Found Xast's Food Shoppe.
  8961 | D:11     | Reached *** piety under Makhleb
  8998 | D:11     | Reached skill level 10 in Armour
  9393 | D:11     | Noticed a white ugly thing
  9406 | D:11     | Killed a white ugly thing
  9557 | D:12     | Reached skill level 1 in Invocations
  9557 | D:12     | Reached XP level 12. HP: 67/96 MP: 13/13
  9580 | D:12     | Noticed a centaur warrior
  9588 | D:12     | Killed a centaur warrior
  9589 | D:12     | Reached **** piety under Makhleb
  9590 | D:12     | Reached skill level 5 in Invocations
  9693 | D:12     | Found a staircase to the Orcish Mines.
  9697 | D:12     | Noticed a two-headed ogre
  9699 | D:12     | Noticed an ogre mage
  9701 | D:12     | Noticed a two-headed ogre
  9715 | D:12     | Killed a two-headed ogre
  9721 | D:12     | Killed a two-headed ogre
  9723 | D:12     | Paralysed by an ogre mage for 3 turns
  9727 | D:12     | Killed an ogre mage
  9808 | D:12     | Found Hioqih's Gadget Emporium.
 10180 | D:12     | Found the +18 shield of the Gong {rElec rN+ MR+ EV-5}
 10425 | Orc:1    | Entered Level 1 of the Orcish Mines
 10425 | Orc:1    | Noticed an orc high priest
 10430 | Orc:1    | Noticed a two-headed ogre
 10438 | Orc:1    | Killed an orc high priest
 10446 | Orc:1    | Killed a two-headed ogre
 10514 | Orc:1    | Reached skill level 5 in Shields
 10548 | Orc:1    | Found a roughly hewn altar of Beogh.
 10699 | Orc:1    | Reached ***** piety under Makhleb
 10724 | Orc:1    | Found a runed gate.
 10724 | Orc:1    | Found a runed gate.
 10724 | Orc:1    | Found a runed gate.
 10724 | Orc:1    | Noticed Reqeyteac's ghost (journeyman DDEE)
 10783 | Orc:1    | Killed Reqeyteac's ghost
 10789 | Orc:1    | Identified the Grimoire of Curses and Summoning
 10966 | Orc:2    | Entered Level 2 of the Orcish Mines
 11023 | Orc:2    | Reached XP level 13. HP: 102/102 MP: 15/15
 11170 | Orc:2    | Noticed an orc warlord
 11193 | Orc:2    | Killed an orc warlord
 11234 | Orc:2    | Found a roughly hewn altar of Beogh.
 11240 | Orc:2    | Found Ykanu's Antique Weapon Shoppe.
 11265 | Orc:2    | Found Gero's Antique Armour Shoppe.
 11413 | Orc:2    | Found Taceugh's Food Boutique.
 11483 | Orc:2    | Found a staircase to the Elven Halls.
 11502 | Orc:2    | Found Emynnuli's Antique Weapon Boutique.
 11696 | Orc:2    | Found a flickering gateway to a bazaar.
 11768 | Orc:2    | Found Rebryl's General Store.
 11774 | Orc:2    | Bought a scroll of identify for 26 gold pieces
 11783 | Orc:2    | Found Foerchu's Jewellery Shoppe.
 11790 | Orc:2    | Bought a +5 amulet of reflection for 618 gold pieces
 11921 | Elf:1    | Entered Level 1 of the Elven Halls
 11988 | Elf:1    | Reached skill level 10 in Invocations
 12043 | Elf:1    | Reached skill level 10 in Shields
 12251 | Elf:1    | Gained mutation: You resist negative energy. (rN+) [Deep Dwarf growth]
 12251 | Elf:1    | Reached XP level 14. HP: 79/109 MP: 17/17
 12780 | Elf:1    | Noticed a deep elf sorcerer
 12795 | Elf:1    | Killed a deep elf sorcerer
 13209 | Elf:2    | Reached ****** piety under Makhleb
 13599 | Elf:2    | Found a runed gate.
 13599 | Elf:2    | Found a runed gate.
 13600 | Elf:2    | Found a runed gate.
 13769 | Elf:2    | HP: 5/109 [eveningstar of electrocution (3)]
 13770 | Elf:2    | Slain by an orange demon

Vault maps used:
D:1:      eino_arrival_cavern_e, serial_co_window_serial,
          co_window_of_opportunity_a, co_window_corner_a, co_window_corner_a,
          co_window_paths_a, co_window_paths_a, co_window_paths_b,
          co_window_unsneaky_path_a, co_window_paths_c,
          co_window_of_opportunity_c, co_window_corner_b, co_window_sun,
          co_window_4corner_a, glass_columns_b
D:2:      nicolae_overflow_crystal_walls, kennysheep_generic_room_6,
          uniq_sigmund, uniq_robin
D:3:      lemuel_another_geyser
D:4:      trog_eyes_of_draining, gup_sewer_entry_glass, grunt_tough_drop,
          uniq_crazy_yiuf_cottage, uniq_ijyb, uniq_blork_the_orc
D:5:      nicolae_ru_awakened_eye, minmay_temple_entry_grid, first_ration,
          serial_shops, shop, uniq_duvessa
D:6:      okawaru_altar_gauntlet_db, gammafunk_temple_overflow_pools,
          basic_altar, uniq_eustachio
D:7:      makhleb_heckhound_becter, gammafunk_temple_overflow_claw,
          minmay_joined_circles
D:8:      good_gods_temple_1, serial_shops, shop_fountains,
          kennysheep_little_box, nicolae_shop_behind_doors, shop
D:9:      enter_bailey_1, serial_shops, shop, grunt_ogre_cave
D:10:     minmay_lair_entry_grove, serial_shops, nicolae_shop_stone, shop
D:11:     kennysheep_generic_room_11
D:12:     david_orc_3, serial_shops, shop_coins
Temple:   compressed_dpeg_triangle_lava_temple
Orc:1:    basic_altar, gammafunk_ghost_necromancy
Orc:2:    grunt_orc_cross, serial_shops, bzr_in_the_mist,
          nicolae_shop_competitors_out_of_business, nicolae_shop_waterfront,
          nicolae_orc_lava_tube
Elf:1:    eino_elf_arrival_shootout, hangedman_elf_disciples
Elf:2:    minmay_misc_feat_ornament
Sewer:    sewer_big_baddie
Bailey:   bailey_polearm_flooded_kennysheep, bailey

Skill      XL: |  1  2  3  4  5  6  7  8  9 10 11 12 13 14 |
---------------+-------------------------------------------+-----
Axes           | 3 6 8 9 12 14 15 16 | 16.0
Dodging        | 1 2 3 4 |  4.3
Stealth        | 1 2 3 |  3.4
Evocations     | 4 7 |  7.4
Armour         | 5 10 12 13 | 13.7
Invocations    | 1 8 11 14 | 14.7
Shields        | 6 10 13 | 13.3
Fighting       | |  2.6

Action                   |  1- 3 |  4- 6 |  7- 9 | 10-12 | 13-15 || total
-------------------------+-------+-------+-------+-------+-------++-------
Melee: War axe           |   104 |   140 |   373 |   654 |   614 ||  1885
Invok: Lesser Servant of |       |       |       |     1 |     6 ||     7
       Major Destruction |       |       |       |       |     3 ||     3
 Abil: Heal Wounds       |     2 |     1 |    14 |     8 |    11 ||    36
Evoke: Wand              |       |       |     2 |    27 |     1 ||    30
  Use: Scroll            |       |    11 |     7 |    14 |     2 ||    34
 Stab: Confused          |       |       |       |     1 |       ||     1
       Distracted        |       |       |       |     1 |       ||     1
  Eat: Chunk             |     1 |     5 |     9 |    13 |     7 ||    35
       Ration            |       |       |     1 |     1 |     1 ||     3
Armor: Scale mail        |    43 |    39 |    91 |       |       ||   173
       Chain mail        |       |       |     5 |   238 |    88 ||   331
Dodge: Dodged            |    27 |    24 |    92 |   137 |    26 ||   306
Block: Shield            |    43 |    46 |   158 |   374 |   624 ||  1245
       Reflection        |       |       |       |       |    61 ||    61

Table legend:
 A = Spawn XP
 B = Non-spawn XP
 C = Spawn XP percentage of total XP
 D = Spawn monster count
 E = Non-spawn monster count
 F = Spawn count percentage of total count
 G = Total turns spent on level
                    A         B        C        D         E        F      G
               +---------+---------+-------+---------+---------+-------+---------
         Total |       0 |  102542 |   0.0 |       0 |     572 |   0.0 | 13770
               +---------+---------+-------+---------+---------+-------+---------
           D:1 |       0 |      32 |   0.0 |       0 |      19 |   0.0 |  1021
           D:2 |       0 |     366 |   0.0 |       0 |      38 |   0.0 |   954
           D:3 |       0 |     290 |   0.0 |       0 |      24 |   0.0 |   711
           D:4 |       0 |     828 |   0.0 |       0 |      30 |   0.0 |  1266
           D:5 |       0 |     919 |   0.0 |       0 |      24 |   0.0 |   856
           D:6 |       0 |     993 |   0.0 |       0 |      22 |   0.0 |   514
           D:7 |       0 |    1675 |   0.0 |       0 |      34 |   0.0 |   598
           D:8 |       0 |    1237 |   0.0 |       0 |      10 |   0.0 |   691
           D:9 |       0 |    6250 |   0.0 |       0 |      40 |   0.0 |   781
          D:10 |       0 |    5456 |   0.0 |       0 |      40 |   0.0 |   713
          D:11 |       0 |    3563 |   0.0 |       0 |      38 |   0.0 |   918
          D:12 |       0 |    9050 |   0.0 |       0 |      57 |   0.0 |   941
         Orc:1 |       0 |    5321 |   0.0 |       0 |      31 |   0.0 |   541
         Orc:2 |       0 |   12559 |   0.0 |       0 |      72 |   0.0 |   955
         Elf:1 |       0 |   29291 |   0.0 |       0 |      47 |   0.0 |  1220
         Elf:2 |       0 |   24599 |   0.0 |       0 |      40 |   0.0 |   629
         Sewer |       0 |     113 |   0.0 |       0 |       6 |   0.0 |    89
               +---------+---------+-------+---------+---------+-------+---------
